 Dungeon Crawl Stone Soup version 0.30-a0-371-gad7725a93e (webtiles) character file.

Game seed: 11860720590275808473

2227 BritishOli the Trooper (level 9, 0/64 (71) HPs)
             Began as a Demonspawn Gladiator on Nov 20, 2022.
             Was an Initiate of Okawaru.
             Slain by a wight
             ... wielding a +0 short sword
              (6 damage)
             ... on level 7 of the Dungeon.
             The game lasted 00:08:08 (6736 turns).

BritishOli the Trooper (Demonspawn Gladiator)       Turns: 6736, Time: 00:08:09

HP:   0/64 (71)     AC: 11    Str: 18    XL:     9   Next: 14%
MP:   9/9           EV: 11    Int: 17    God:    Okawaru [......]
Gold: 409           SH:  0    Dex: 14    Spells: 8/8 levels left

rFire   . . .      SeeInvis .    u - +1 hand axe (vorpal)
rCold   . . .      Faith    .    (no shield)
rNeg    . . .      Spirit   .    x - +0 scale mail
rPois   .          Reflect  .    (helmet restricted)
rElec   .          Harm     .    (no cloak)
rCorr   .          Rampage  .    (no gloves)
Will    .....                    c - +0 pair of boots
Stlth   ..........               (no amulet)
HPRegen 0.30/turn                q - +6 ring of intelligence
MPRegen 0.11/turn                (no ring)

@: drained
A: horns 1, yellow scales 2, ignite blood 1
a: Renounce Religion


You were on level 7 of the Dungeon.
You worshipped Okawaru.
Okawaru was noncommittal.
You visited 2 branches of the dungeon, and saw 8 of its levels.

You collected 409 gold pieces.

Inventory:

Hand Weapons
 u - a +1 vorpal hand axe (weapon)
Missiles
 d - 3 throwing nets
 e - a javelin
 w - 2 boomerangs (quivered)
 E - 5 silver javelins
Armour
 b - a +0 leather armour
 c - a +0 pair of boots (worn)
 x - a +0 scale mail (worn)
Jewellery
 q - a +6 ring of intelligence (left hand)
 D - a ring of wizardry
Wands
 v - a wand of mindburst (14)
Scrolls
 i - 2 scrolls of teleportation {unknown}
 j - 2 scrolls of enchant armour {unknown}
 k - 3 scrolls of blinking {unknown}
 l - a scroll of silence {unknown}
 m - 2 scrolls of enchant weapon {unknown}
 n - a scroll of vulnerability {unknown}
 p - 6 scrolls of identify {unknown}
 s - a scroll of magic mapping {unknown}
 y - 2 scrolls of fear {unknown}
 A - a scroll of immolation {unknown}
 F - 3 scrolls of butterflies {unknown}
Potions
 a - a potion of cancellation {unknown}
 f - a potion of brilliance {unknown}
 g - 3 potions of heal wounds {unknown}
 h - 4 potions of attraction {unknown}
 o - a potion of might {unknown}
 r - 3 potions of curing {unknown}
 t - a potion of flight {unknown}
 z - 2 potions of degeneration {unknown}
 B - a potion of berserk rage {unknown}
 C - a potion of mutation {unknown}


   Skills:
 + Level 6.7 Fighting
 + Level 6.5 Axes
 - Level 2.0 Throwing
 + Level 5.6 Armour
 - Level 5.1 Dodging


You had 8 spell levels left.
You didn't know any spells.
Your spell library contained the following spells:

 Spells                   Type           Power      Damage    Failure   Level
 Apportation              Tloc           0%         N/A       56%         1
 Slow                     Hex            0%         N/A       56%         1
 Sting                    Tmut/Pois      0%         1d3       56%         1
 Poisonous Vapours        Pois/Air       0%         N/A       71%         2
 Static Discharge         Conj/Air       0%         2-2/arc   71%         2
 Confusing Touch          Hex            0%         N/A       90%         3
 Dazzling Flash           Conj/Hex       0%         N/A       90%         3
 Ignite Poison            Fire/Tmut/Pois 0%         N/A       90%         3
 Kindle Blastsparks       Fire/Tloc/Air  0%         2d10      90%         3
 Stone Arrow              Conj/Erth      0%         3d7       90%         3
 Vampiric Draining        Necr           0%         2d6       90%         3
 Vhi's Electric Charge    Tloc/Air       0%         N/A       90%         3
 Iskenderun's Mystic Bla  Conj/Tloc      0%         2d3       100%        4
 Olgreb's Toxic Radiance  Pois           0%         N/A       100%        4
 Alistair's Intoxication  Tmut/Pois      0%         N/A       100%        5
 Arcjolt                  Conj/Air       0%         1d10      100%        5
 Freezing Cloud           Conj/Ice/Air   0%         6-21      100%        5
 Lightning Bolt           Conj/Air       0%         1d11      100%        5
 Starburst                Conj/Fire      0%         6d3       100%        6
 Lehudib's Crystal Spear  Conj/Erth      0%         10d2      100%        8
 Animate Armour           Summ/Erth      Unusable   N/A       N/A         4

Dungeon Overview and Level Annotations

Branches:
Dungeon (7/15)             Temple (1/1) D:4

Altars:
Ashenzari
Dithmenos
Fedhas
Gozag
Kikubaaqudgha
Makhleb
Okawaru
Qazlal
Ru
Sif Muna
Trog
Uskayaw
Vehumet
Wu Jian
Xom

Annotations:
D:7 2 transporters, PanSaczeczos's ghost, amateur NaWr


Innate Abilities, Weirdness & Mutations

You have a pair of small horns on your head.
You are mostly covered in yellow scales. (AC +3)
Your demonic aura sometimes causes spilled blood to erupt in flames.


Message History

You feel sick. The wight attacks as you move away!
The wight hits you with a +0 short sword.
You feel drained.
You feel sick.
You feel sick. The wight attacks as you move away!
The wight hits you with a +0 short sword.
* * * LOW HITPOINT WARNING * * *
You feel drained.
* * * LOW HITPOINT WARNING * * *
You feel sick.
You feel sick.
You feel sick.
You are no longer poisoned.
The wight attacks as you move away! The wight hits you but does no damage.
You see here a +0 whip.
You barely miss the scorpion.
The scorpion is almost dead.
You hit the wight.
The wight hits you with a +0 short sword.
* * * LOW HITPOINT WARNING * * *
You feel drained.
* * * LOW HITPOINT WARNING * * *
The scorpion closely misses you.
You hit the scorpion.
You kill the scorpion!
Okawaru accepts your kill.
You hit the wight but do no damage. The wight hits you but does no damage.
The wight attacks as you move away! The wight hits you but does no damage.
Items here: ))))) [[ ÷÷÷.
The wight attacks as you move away! The wight misses you.
The wight attacks as you move away!
The wight hits you with a +0 short sword.
* * * LOW HITPOINT WARNING * * *
You feel drained. The wight attacks as you move away!
The wight hits you but does no damage. The wight attacks as you move away!
The wight hits you but does no damage. The wight attacks as you move away!
The wight hits you with a +0 short sword.
You die...

#..........zz...##...##.## ###..
###.......†##.....##.....####....
##.......####z#...##.#........#
#.........# #.###.....####..###
#.#.......# #z# ###### #...##.o
#..##.###### #z# ####...#... ..
#.. #.## #<....##... .# #### #
#.z# #)##..#o... #...###@###
##)##.©#©..#
..........###))##..#.##≈
#########.....###..##### ##..###
##..##.# #.## #..##.. ### ##[.###
#....# ##.... ###..


You could see 4 wights.

Vanquished Creatures
  Grinder (D:5)
  A wyvern (D:7)
  An ice beast (D:5)
  An orc warrior (D:7)
  2 black bears
  2 ogres
  2 phantoms (D:5)
  A gnoll sergeant (D:7)
  3 bullfrogs
  A necrophage (D:6)
  5 scorpions
  A howler monkey (D:6)
  4 hounds
  2 orc priests
  A jelly (D:5)
  An iguana (D:6)
  2 orc wizards (D:7)
  9 gnolls
  8 adders
  2 shadow imps (D:7)
  A white imp (D:7)
  6 worms
  5 dart slugs
  13 orcs
  10 ball pythons
  5 endoplasms
  2 giant cockroaches
  8 goblins
  6 hobgoblins
  3 jackals
  8 kobolds
  2 quokkas
  2 bats (D:1)
  4 frilled lizards (D:1)
  6 rats
131 creatures vanquished.

Vanquished Creatures (others)
  A plant (D:4)
1 creature vanquished.

Grand Total: 132 creatures vanquished

Notes
Turn   | Place    | Note
-------+----------+-------------------------------------------
     0 | D:1      | BritishOli the Demonspawn Gladiator began the quest for the
                  | Orb.
     0 | D:1      | Reached XP level 1. HP: 16/16 MP: 1/1
   184 | D:1      | Gained mutation: You have a pair of small horns on your
                  | head. [demonic ancestry]
   184 | D:1      | Reached XP level 2. HP: 13/22 MP: 2/2
   758 | D:1      | Reached XP level 3. HP: 24/28 MP: 3/3
  1024 | D:2      | You fall into a shaft and drop 1 floor!
  1077 | D:2      | Reached skill level 1 in Armour
  1223 | D:2      | Gained mutation: Your demonic aura sometimes causes spilled
                  | blood to erupt in flames. [demonic ancestry]
  1223 | D:2      | Reached XP level 4. HP: 34/34 MP: 4/4
  2593 | D:4      | Noticed a black bear
  2599 | D:4      | Killed a black bear
  2600 | D:4      | Gained mutation: You are partially covered in yellow
                  | scales. (AC +2) [demonic ancestry]
  2600 | D:4      | Reached XP level 5. HP: 38/41 MP: 5/5
  2871 | D:4      | Found a staircase to the Ecumenical Temple.
  2997 | D:4      | Reached XP level 6. HP: 47/47 MP: 6/6
  3643 | D:5      | Entered Level 5 of the Dungeon
  3986 | D:5      | Noticed an ice beast
  4003 | D:5      | Killed an ice beast
  4004 | D:5      | Gained mutation: You are mostly covered in yellow scales.
                  | (AC +3) [demonic ancestry]
  4004 | D:5      | Reached XP level 7. HP: 45/54 MP: 7/7
  4377 | D:5      | Noticed Grinder
  4395 | D:5      | Killed Grinder
  4396 | D:5      | Reached skill level 5 in Fighting
  4396 | D:5      | Reached skill level 5 in Axes
  4396 | D:5      | Reached skill level 5 in Dodging
  4396 | D:5      | Reached XP level 8. HP: 51/62 MP: 8/8
  5831 | D:6      | Reached skill level 5 in Armour
  5913 | Temple   | Entered the Ecumenical Temple
  5920 | Temple   | Became a worshipper of Warmaster Okawaru
  6145 | D:7      | Found a transporter.
  6303 | D:7      | Found a transporter.
  6309 | D:7      | Noticed PanSaczeczos's ghost (amateur NaWr)
  6311 | D:7      | Found a bloodstained altar of Trog.
  6322 | D:7      | Noticed a moth of wrath
  6407 | D:7      | Reached XP level 9. HP: 28/71 MP: 9/9
  6736 | D:7      | Slain by a wight

Illustrated notes

Levels and vault maps discovered:
D:1:      lightli_arrival_chessboard, layout_basic, minmay_pentomino_r4
D:2:      layout_basic
D:3:      layout_loops_ring
D:4:      layout_loops_ring, minmay_temple_entry_drinking_statues,
          cheibrodos_sewer_entry_bend, chequers_big_river
D:5:      layout_basic, cheibrodos_gnoll_hut, uniq_grinder
D:6:      layout_loops_corners, kennysheep_generic_room_8
D:7:      layout_rooms, kennysheep_slug_shrine, serial_demonic,
          serial_demonic_e, serial_demonic_b, serial_demonic_a,
          serial_demonic_f, gammafunk_ghost_wrathful_warriors
Temple:   sentei_temple_godly_chess

Skill      XL: |  1  2  3  4  5  6  7  8 |
---------------+-------------------------+-----
Throwing       | 2 |  2.0
Axes           | 3 4 5 6 |  6.5
Dodging        | 3 4 5 |  5.1
Armour         | 1 2 3 5 |  5.6
Fighting       | 3 4 5 6 |  6.7

Action                   |  1- 3 |  4- 6 |  7- 9 || total
-------------------------+-------+-------+-------++-------
Melee: War axe           |   103 |    36 |       ||   139
       Headbutt          |    11 |    26 |    56 ||    93
       Hand axe          |       |   123 |   228 ||   351
       Punch             |       |     3 |     4 ||     7
Armor: Leather armour    |    29 |     8 |       ||    37
       Scale mail        |       |    80 |    88 ||   168
Dodge: Dodged            |    86 |    89 |   124 ||   299

Table legend: (Time is in decaauts)
 A = Elapsed time spent in this place.
 B = Non-inter-level travel time spent in this place.
 C = Inter-level travel time spent in this place.
 D = Time resting spent in this place.
 E = Time spent auto-exploring this place.
 F = Levels seen in this place.
 G = Mean time per level.
                   A        B        C        D        E       F      G
               +--------+--------+--------+--------+--------+-----+--------+
         Total |   6829 |   6422 |    407 |    465 |   4742 |   8 |  853.6 |
       Dungeon |   6814 |   6415 |    399 |    465 |   4742 |   7 |  973.4 |
        Temple |     14 |      7 |      7 |      0 |      0 |   1 |   14.0 |
               +--------+--------+--------+--------+--------+-----+--------+

Top non-repeatable levels by time:
     D:6: 1353 daAuts
     D:5: 1105 daAuts
     D:4: 1031 daAuts
     D:1: 977 daAuts
     D:3: 972 daAuts
     D:2: 817 daAuts
     D:7: 556 daAuts
  Temple: 14 daAuts
